Unix NetHack Version 5.0.0-0 post-release - last build May 23 2026 06:08:33 (1c0ff79ee797540d5714e4e18072db0edd9e58ae,branch:main).

Game began 2026-05-30 02:43:40, ended 2026-05-30 03:12:32.

ARFwashere, neutral male human Tourist

                                         ------------
                                         |..........|
           ------------               ###...+....+..|
           |...........####-------   ##  |.........<|
           |..........|   #|.....|  ##   |..........|
           |..........-####-.....|#)#####...........|
           --|---.--.--   #|......#      ----|-------
             #   # ##     #|.....|           #####
             #  ####      #|.....|               ##
            ######        #-------                )#
           #### #         #######                  #
          #######                                  #"
          ###                                ##"    %
        #####      0##                        #    ###
       ---.-------##                       -#-|-----.----
       |..........#                        |.......[..(..
       |.........|                         |...dd..)....|
       |....(....|                         |... @B......|
       -----------                         --------------

ARFwashere the Sightseer    St:13 Dx:11 Co:14 In:12 Wi:14 Ch:14  Neutral
Dlvl:5  $:1804 HP:0(25) Pw:17(17) AC:5  Xp:4 T:2701  Satiated

Latest messages:
 The dog misses Perugi's ghost.
 The dog misses Perugi's ghost.
 The dog misses Perugi's ghost.
 You miss Perugi's ghost.
 The dog misses Perugi's ghost.
 The dog misses Perugi's ghost.
 The dog misses Perugi's ghost.
 The dog misses Perugi's ghost.
 You miss Perugi's ghost.
 The dog misses Perugi's ghost.
 The dog drops a +2 dart.
 The dog misses Perugi's ghost.
 You miss Perugi's ghost.
 The dog misses Perugi's ghost.
 The dog misses Perugi's ghost.
 Perugi's ghost touches you!
 The dog misses Perugi's ghost.
 Pick a monster, object or location.
          a wall
 The dog misses Perugi's ghost.
 The dog picks up a +2 dart.
 The dog misses Perugi's ghost.
 You miss Perugi's ghost.
 The dog misses Perugi's ghost.
 The dog misses Perugi's ghost.
 You hit the giant bat.
 The giant bat bites!
 The dog misses Perugi's ghost.
 The dog misses Perugi's ghost.
 The dog misses Perugi's ghost.
 In what direction? l
 The dart hits the giant bat.
 The giant bat bites!
 The dog misses Perugi's ghost.
 The dog misses Perugi's ghost.
 The giant bat bites!
 In what direction? l
 The dart misses the giant bat.
 The giant bat just misses!
 The dog misses Perugi's ghost.
 The dog drops a +2 dart.
 The dog misses Perugi's ghost.
 Perugi's ghost touches you!
 The giant bat bites!
 You die...
 Do you want your possessions identified? [ynq] (y) y
 Do you want to see your attributes? [ynq] (y) n
 Do you want an account of creatures vanquished? [ynaq] (y) n
 Do you want to see your conduct and achievements? [ynq] (y) n
 Do you want to see the dungeon overview? [ynq] (y) n

Inventory:
 Coins    ('$')
  $ - 1804 gold pieces
 Weapons  (')')
  q - 7 blessed +1 darts
  a - 17 +2 darts (at the ready)
  p - 45 +0 darts
  v - a +0 dagger (weapon in right hand)
 Armor    ('[')
  C - an uncursed +0 orcish helm (being worn)
  o - an uncursed +0 dwarvish roundshield (being worn)
  u - an uncursed +0 elven cloak
  t - a blessed +1 oilskin cloak (being worn)
  l - a blessed +0 Hawaiian shirt with a toucan motif (being worn)
 Comestibles  ('%')
  e - 2 uncursed carrots
  b - 3 uncursed food rations
  z - an uncursed lembas wafer
  d - an uncursed orange
  g - an uncursed pancake
  x - a cursed pancake
  f - an uncursed tripe ration
  h - 2 uncursed eggs
 Scrolls  ('?')
  w - 2 uncursed scrolls of enchant weapon
  k - a blessed scroll of magic mapping
  j - 3 uncursed scrolls of magic mapping
  A - a cursed scroll of remove curse
 Potions  ('!')
  i - 2 blessed potions of extra healing
  s - 10 uncursed potions of healing
 Wands    ('/')
  B - a wand of undead turning (0:7)
 Tools    ('(')
  n - an uncursed credit card
  m - an expensive camera (0:98)
 Gems/Stones  ('*')
  y - an uncursed worthless piece of blue glass

ARFwashere the Tourist's attributes:

Background:
 You were a Sightseer, a level 4 male human Tourist.
 You were neutral, nominally on a mission for The Lady
 who was opposed by Blind Io (lawful) and Offler (chaotic).
 You were right-handed.
 You were in the Dungeons of Doom, on level 5.
 You entered the dungeon 2701 turns ago.
 It was nighttime.
 You had 120 experience points, 40 more were needed to attain level 5.

Basics:
 You had 0 out of 25 hit points.
 You had all 17 energy points (spell power).
 Your armor class was 5.
 Your wallet contained 1804 zorkmids.
 Autopickup was on for '$' plus thrown.

Final Characteristics:
 Your strength was 13 (limit:18/100).
 Your dexterity was 11 (limit:18).
 Your constitution was 14 (limit:18).
 Your intelligence was 12 (limit:18).
 Your wisdom was 14 (limit:18).
 Your charisma was 14 (limit:18).

Final Status:
 You were satiated.
 You were unencumbered.
 You were wielding a dagger.
 You had basic skill with dagger.

Final Attributes:
 You were fervently aligned.
 You were poison resistant.
 You were guarded.
 You are dead.

Miscellaneous:
 You encountered 1 bones level.
 Total elapsed playing time was 28 minutes and 51 seconds.

Major events:
 Turn
    1: ARFwashere the neutral male human Tourist entered the dungeon
 1295: attained the rank of Sightseer (level 3)
 2701: killed by a giant bat

You didn't know any spells.

Skills:
 Fighting Skills
   bare handed combat [Unskilled]
   two weapon combat  [Unskilled]
   riding             [Unskilled]
 Weapon Skills
   dagger             [Basic]
   knife              [Unskilled]
   axe                [Unskilled]
   pick-axe           [Unskilled]
   short sword        [Unskilled]
   broadsword         [Unskilled]
   long sword         [Unskilled]
   two-handed sword   [Unskilled]
   saber              [Unskilled]
   mace               [Unskilled]
   morning star       [Unskilled]
   flail              [Unskilled]
   hammer             [Unskilled]
   quarterstaff       [Unskilled]
   polearms           [Unskilled]
   spear              [Unskilled]
   trident            [Unskilled]
   lance              [Unskilled]
   bow                [Unskilled]
   sling              [Unskilled]
   crossbow           [Unskilled]
   dart               [Basic]
   shuriken           [Unskilled]
   boomerang          [Unskilled]
   whip               [Unskilled]
   unicorn horn       [Unskilled]
 Spellcasting Skills
   divination spells  [Unskilled]
   enchantment spells [Unskilled]
   escape spells      [Unskilled]

Voluntary challenges:
 Character rerolling was not enabled.
 You were an atheist.
 You were illiterate.
 You never genocided any monsters.
 You never polymorphed an object.
 You never changed form.
 You used no wishes.
Achievement:
 You attained the rank of Sightseer.

 The Dungeons of Doom: levels 1 to 5
    Level 1:
       Many fountains, a sink.
    Level 2:
       Some fountains.
    Level 3:
       Some fountains.
    Level 4:
    Level 5: <- You were here.
       A grave.
       Final resting place for
          you, killed by a giant bat,
          Perugi-Rog-Hum-Mal-Cha, killed by a werejackal.


Vanquished creatures:
  a pony
  a shrieker
  a floating eye
  a homunculus
  a kobold leader
  2 werejackals
  3 iguanas
  2 acid blobs
  3 coyotes
  a gas spore
  a hobbit
  a large kobold
  a hobgoblin
  4 giant rats
  3 cave spiders
  a green mold
  3 geckos
  9 jackals
  2 foxes
  2 goblins
  3 grid bugs
 10 lichens
  6 newts
62 creatures vanquished.

No species were genocided or became extinct.

Game over:
                       ----------
                      /          \
                     /    REST    \
                    /      IN      \
                   /     PEACE      \
                  /                  \
                  |    ARFwashere    |
                  |     1804 Au      |
                  |   killed by a    |
                  |    giant bat     |
                  |                  |
                  |                  |
                  |       2026       |
                 *|     *  *  *      | *
        _________)/\\_//(\/(/\)/\//\/|_)_______

Aloha ARFwashere the Tourist...

You died in The Dungeons of Doom on dungeon level 5 with 1572 points,
and 1804 pieces of gold, after 2701 moves.
You were level 4 with a maximum of 25 hit points when you died.

